 Dungeon Crawl Stone Soup version 0.30.0-15-g856e2d3f33 (webtiles) character file.

Game seed: 13054929193949106729

519 browni3141 the Caller (level 7, -1/46 HPs)
             Began as a Mummy Summoner on May 19, 2023.
             Slain by a bullfrog zombie (3 damage)
             ... in an ossuary.
             The game lasted 00:08:51 (1042 turns).

browni3141 the Caller (Mummy Summoner)              Turns: 1042, Time: 00:08:52

Health: -1/46      AC:  5    Str: 11    XL:     7   Next: 1%
Magic:  10/22      EV: 12    Int: 16    God:
Gold:   112        SH:  0    Dex: 13    Spells: 1/14 levels left

rFire   x . .        c - +0 short sword
rCold   + . .        (no shield)
rNeg    + + +        a - +0 robe
rPois   ∞            (no helmet)
rElec   +            (no cloak)
rCorr   .            (no gloves)
SInv    .            h - +2 pair of boots {rampage}
Will    +....        (no amulet)
Stlth   +++          f - ring of willpower
HPRegen 0.27/turn    k - ring of Grontol {rElec MP+9 Stlth+}
MPRegen 0.18/turn

%: rampage, faith
@: no status effects
A: cold resistance 1, negative energy resistance 3, torment resistance 2, heat
vulnerability 1, in touch with death 1, no potions, faith
a: no special abilities


You were in an ossuary.
You visited 1 branch of the dungeon, and saw 4 of its levels.
You also visited: Sewer and Ossuary.

You collected 112 gold pieces.

Inventory:

Hand Weapons
 c - a +0 short sword (weapon)
Armour
 a - a +0 robe (worn)
 h - a +2 pair of boots of rampaging (worn)
Jewellery
 f - a ring of willpower (left hand)
 k - the ring of Grontol (right hand) {rElec MP+9 Stlth+}
   (You found it in a sewer)

   [ring of magical power]

   rElec:     It insulates you from electricity.
   MP:        It affects your magic capacity (+9).
   Stlth:     It makes you more stealthy.
Scrolls
 e - a scroll of identify {unknown}
 g - a scroll of teleportation
 i - a scroll of amnesia {unknown}
 l - a scroll of enchant armour {unknown}


   Skills:
 + Level 1.6 Dodging
 + Level 1.6 Stealth
 * Level 4.0 Spellcasting
 - Level 3.0 Hexes
 * Level 6.0 Summonings
 + Level 0.0 Air Magic


You had one spell level left.
You knew the following spells:

 Your Spells              Type           Power      Damage    Failure   Level
a - Call Canine Familiar  Summ           22%        N/A       4%          3
g - Summon Guardian Gole  Hex/Summ       17%        N/A       8%          3
l - Summon Lightning Spi  Summ/Air       12%        N/A       43%         4
x - Call Imp              Summ           44%        N/A       2%          2
z - Summon Small Mammal   Summ           88%        N/A       1%          1

Your spell library contained the following spells:

 Spells                   Type           Power      Damage    Failure   Level


Dungeon Overview and Level Annotations

Branches:
Dungeon (4/15)              Sewer (visited)         Ossuary (1/1)
 Temple: D:4-7

Altars:


Innate Abilities, Weirdness & Mutations

You are immune to poison.
Your flesh is cold resistant. (rC+)
You are immune to negative energy. (rN+++)
You are immune to unholy pain and torment.
You are vulnerable to heat. (rF-)
You are in touch with the powers of death.
You do not drink.
You have a special connection with the divine. (Faith)


Message History

The bullfrog zombie hits your guardian golem but does no damage.
You closely miss the water moccasin zombie.
The water moccasin zombie is lightly damaged.
The water moccasin zombie bites you but does no damage.
The human zombie hits you.
The bullfrog zombie hits your guardian golem but does no damage.
The gnoll zombie closely misses you.
You hit the gnoll zombie.
The gnoll zombie is lightly damaged.
The water moccasin zombie bites you.
The bullfrog zombie hits your guardian golem.
The human zombie barely misses you. The gnoll zombie misses you.
You hit the gnoll zombie but do no damage.
The gnoll zombie is lightly damaged.
The bullfrog zombie hits your guardian golem but does no damage.
The water moccasin zombie barely misses you. x2
The human zombie hits you but does no damage.
The gnoll zombie hits you but does no damage.
The bullfrog zombie hits your guardian golem.
You hit the gnoll zombie but do no damage.
The gnoll zombie is lightly damaged.
The bullfrog zombie hits your guardian golem but does no damage.
The water moccasin zombie barely misses you.
You hit the gnoll zombie.
The gnoll zombie is lightly damaged.
The human zombie misses you. The gnoll zombie hits you.
The bullfrog zombie hits your guardian golem.
The water moccasin zombie bites you.
* * * LOW HITPOINT WARNING * * *
You hit the gnoll zombie.
The gnoll zombie is moderately damaged.
The bullfrog zombie hits your guardian golem.
The water moccasin zombie bites you.
* * * LOW HITPOINT WARNING * * *
The human zombie hits you.
* * * LOW HITPOINT WARNING * * *
The gnoll zombie hits you but does no damage.
The bullfrog zombie hits your guardian golem.
The water moccasin zombie misses you.
The bullfrog zombie hits your guardian golem but does no damage.
The human zombie hits you.
* * * LOW HITPOINT WARNING * * *
Your guardian golem overheats!
The water moccasin zombie bites you.
* * * LOW HITPOINT WARNING * * *
The human zombie hits you.
* * * LOW HITPOINT WARNING * * *
You barely miss the human zombie.
The water moccasin zombie bites you but does no damage.
The human zombie closely misses you. The bullfrog zombie hits you.
* * * LOW HITPOINT WARNING * * *
The water moccasin zombie attacks as you move away!
The water moccasin zombie closely misses you.
The bullfrog zombie hits you.
* * * LOW HITPOINT WARNING * * *
Press: ? - help, v - describe, . - travel
Here: a water moccasin zombie (lightly damaged)
The floor.
Blink to where?
Press: ? - help, Dir - move target
As you read the scroll of blinking, it crumbles to dust.
Casting: Summon Guardian Golem (dangerous; 8% risk of failure)
Confirm with . or Enter, or press ? or * to list all spells.
Casting: Call Imp (safe; 2% risk of failure)
Press: ? - help, Q - select action, (/) - cycle Dir - look around, f - activate A tiny devil pulls itself out of the air.
Your hound misses the water moccasin zombie.
Your hound bites the water moccasin zombie.
Your guardian golem disappears in a puff of smoke!
Your cerulean imp hits the water moccasin zombie but does no damage.
Casting: Call Imp (safe; 2% risk of failure)
Confirm with . or Enter, or press ? or * to list all spells.
A guardian golem appears, shielding your allies.
Your hound bites the water moccasin zombie.
The water moccasin zombie closely misses your cerulean imp.
Your cerulean imp closely misses the water moccasin zombie.
The human zombie hits your hound.
The water moccasin zombie bites your cerulean imp but does no damage.
Your hound barely misses the water moccasin zombie.
Casting: Summon Guardian Golem (dangerous; 8% risk of failure)
Confirm with . or Enter, or press ? or * to list all spells.
The spell is quite dangerous to miscast (43% risk of failure)!
Continue anyway?
Nothing appears to happen.
Your hound closely misses the water moccasin zombie.
Your cerulean imp hits the water moccasin zombie with a -2 spear.
The water moccasin zombie closely misses your cerulean imp.
Your hound bites the water moccasin zombie.
The human zombie hits your hound but does no damage.
The water moccasin zombie completely misses your cerulean imp.
Your cerulean imp hits the water moccasin zombie with a -2 spear.
The bullfrog zombie hits you.
* * * LOW HITPOINT WARNING * * *
Your lightning spire shoots out a bolt of lightning at the water moccasin zombie!
The bolt of electricity hits the water moccasin zombie!
Your hound bites the human zombie.
You barely miss the bullfrog zombie.
The bullfrog zombie is almost destroyed.
The water moccasin zombie bites your lightning spire but does no damage.
Your hound bites the human zombie.
The bullfrog zombie hits you.
You die...

#......# #......' #......##
##......' #.......##
##.......# #........###
###........#
#.....8....#####....8.....#
#....8#8.....'.....8#8....#
#.....8..9...'......8.....#
##.....Z.8Z..'...........##
##...ZhZ5@.###.........##
##........# #........##
########## ##########


You could see a water moccasin zombie (distracted, ally target), a bullfrog
zombie, a gnoll zombie, a human zombie (ally target), a friendly guardian golem
(summoned), a friendly lightning spire (summoned, sheltered, unsilenced), a
friendly hound (summoned, sheltered) and a friendly cerulean imp (summoned,
sheltered).

Vanquished Creatures
  3 adders
  2 endoplasms
  3 giant cockroaches
  A goblin (D:2)
  2 hobgoblins (D:2)
  A jackal (D:3)
  2 quokkas
  4 ball pythons
  A bat (D:2)
  A frilled lizard (Sewer)
  A kobold (D:2)
  An orc zombie (Ossuary)
22 creatures vanquished.

Vanquished Creatures (collateral kills)
  2 bullfrogs (Sewer)
  A hound (D:4)
  A human zombie (Ossuary)
  A scorpion zombie (Ossuary)
  An ogre zombie (Ossuary)
  8 adders
  2 adder zombies (Ossuary)
  3 worms (D:2)
  A dart slug (D:1)
  A bat (D:2)
  8 endoplasms
  6 giant cockroaches (Sewer)
  2 gnoll zombies (Ossuary)
  3 hobgoblins (D:2)
  3 jackals (D:3)
  7 quokkas (Sewer)
  7 ball pythons
  4 frilled lizards (Sewer)
  4 goblin zombies (Ossuary)
  An orc zombie (Ossuary)
66 creatures vanquished.

Vanquished Creatures (others)
  An ice beast (D:4)
1 creature vanquished.

Grand Total: 89 creatures vanquished

Notes
Turn   | Place    | Note
-------+----------+-------------------------------------------
     0 | D:1      | browni3141 the Mummy Summoner began the quest for the Orb.
     0 | D:1      | Reached XP level 1. HP: 13/13 MP: 4/4
    47 | D:1      | Reached skill level 3 in Spellcasting
    81 | D:2      | Reached XP level 2. HP: 14/19 MP: 3/6
   109 | D:2      | Learned a level 2 spell: Call Imp
   166 | D:2      | Gained mutation: You are in touch with the powers of death.
                  | [Mummy growth]
   166 | D:2      | Reached XP level 3. HP: 18/24 MP: 1/8
   283 | D:2      | Learned a level 3 spell: Call Canine Familiar
   340 | D:3      | Reached skill level 4 in Summonings
   455 | D:4      | Learned a level 3 spell: Summon Guardian Golem
   463 | D:4      | Reached XP level 4. HP: 29/30 MP: 6/10
   515 | D:4      | Found a glowing drain.
   524 | Sewer    | Entered a sewer
   677 | Sewer    | Reached XP level 5. HP: 32/35 MP: 5/11
   766 | Sewer    | Reached skill level 3 in Hexes
   766 | Sewer    | Reached XP level 6. HP: 25/41 MP: 5/12
   783 | Sewer    | Identified the ring of Grontol {rElec MP+9 Stlth+}
   833 | D:4      | Reached skill level 5 in Summonings
   863 | D:4      | Noticed an ice beast
   884 | D:4      | Killed an ice beast
   905 | D:4      | Found a sand-covered staircase.
   914 | Ossuary  | Entered an ossuary
   979 | Ossuary  | Reached skill level 6 in Summonings
   981 | Ossuary  | Reached XP level 7. HP: 30/46 MP: 13/13
   988 | Ossuary  | Learned a level 4 spell: Summon Lightning Spire
  1032 | Ossuary  | HP: 2/46 [bullfrog zombie (4)]
  1041 | Ossuary  | HP: 2/46 [bullfrog zombie (2)]
  1042 | Ossuary  | Slain by a bullfrog zombie

Illustrated notes

Levels and vault maps discovered:
D:1:      heliophobic_arrival_ceremonial_halls, layout_loops_corners,
          serial_forest, infiniplex_forest_lined_corner,
          infiniplex_forest_clump_small, infiniplex_forest_lined_2,
          infiniplex_forest_straight_2, infiniplex_forest_end_2,
          infiniplex_forest_diagonal, infiniplex_forest_end_3,
          infiniplex_forest_straight_5, infiniplex_forest_lined_ring,
          nrook_uturn
D:2:      layout_basic, serial_rivers, chequers_serial_rivers_micro_d,
          chequers_serial_rivers_micro_e, chequers_serial_rivers_small_a,
          chequers_serial_rivers_micro_c, chequers_serial_rivers_micro_e,
          chequers_serial_rivers_micro_a, grunt_decor_mini_mirrors
D:3:      layout_loops_ring, nicolae_yredelemnul_ghost_church
D:4:      cheibrodos_helix_gallery, layout_cave_pods, temple_fountains,
          portal_sewer_entry_d, gammafunk_ghost_necromancy, enter_ossuary_3
Ossuary:  ossuary_hellmonk_silent_tomb

Skill      XL: |  1  2  3  4  5  6 |
---------------+-------------------+-----
Spellcasting   | 3 4 |  4.0
Summonings     | 4 6 |  6.0
Hexes          | 1 3 |  3.0
Dodging        | |  1.6
Stealth        | |  1.6

Action                     |  1- 3 |  4- 6 |  7- 9 || total
---------------------------+-------+-------+-------++-------
  Melee: Unarmed           |    14 |       |       ||    14
         Short sword       |    55 |   142 |    14 ||   211
   Cast: Summon Small Mamm |    11 |       |       ||    11
         Call Imp          |     7 |    11 |     1 ||    19
         Call Canine Famil |     3 |     9 |     1 ||    13
         Summon Guardian G |       |     3 |     3 ||     6
         Summon Lightning  |       |       |     1 ||     1
    Use: Scroll            |     2 |       |     1 ||     3
   Stab: Sleeping          |     1 |     2 |       ||     3
         Distracted        |     1 |       |       ||     1
 Armour: Robe              |    14 |    72 |    10 ||    96
  Dodge: Dodged            |    68 |   135 |    18 ||   221
